 Dungeon Crawl Stone Soup version 0.25.0-26-g0c896c7088 (webtiles) character file.

Game seed: 3968931662508561618

(classic levelgen) 75780 EnegeticOcto the Severer (level 14, -3/135 HPs)
             Began as a Deep Dwarf Fighter on July 4, 2020.
             Was the Champion of Makhleb.
             Killed themself with a badly aimed iceblast (27 damage)
             ... on level 2 of the Swamp.
             The game lasted 00:38:08 (5480 turns).

EnegeticOcto the Severer (Deep Dwarf Fighter)       Turns: 5480, Time: 00:38:09

Health: -3/135     AC: 18    Str: 25    XL:     14   Next: 65%
Magic:  8/8        EV: 10    Int:  9    God:    Makhleb [******]
Gold:   34         SH: 14    Dex: 19    Spells: 13/13 levels left

rFire    . . .     SeeInvis +   t - +2 broad axe (vorpal)
rCold    . . .     Gourm    .   c - +0 kite shield
rNeg     + + +     Faith    +   w - +0 chain mail
rPois    +         Spirit   .   b - +0 helmet
rElec    .         Reflect  .   J - +0 cloak of Mumblety Peg {rN++ MR- Dex+7}
rCorr    .         Harm     .   y - +2 pair of gloves
MR       +....                  x - +2 pair of boots
Stlth    ..........             T - amulet of faith
HPRegen  0.00/turn              S - ring of protection from magic
MPRegen  0.11/turn              C - ring "Irphi Dou" {rPois MR- Slay+2 SInv}

@: flying, non-regenerating
A: damage resistance, heal wounds, negative energy resistance 1, sense
surroundings 2, no regeneration
}: 1/15 runes: gossamer
a: Heal Wounds, Minor Destruction, Lesser Servant of Makhleb, Major Destruction,
Greater Servant of Makhleb, Renounce Religion


You were on level 2 of the Swamp.
You worshipped Makhleb.
Makhleb was exalted by your worship.
You were not hungry.

You visited 5 branches of the dungeon, and saw 22 of its levels.
You also visited: Sewer, Ossuary and Gauntlet.

You collected 423 gold pieces.
You spent 389 gold pieces at shops.

Inventory:

Hand Weapons
 a - a +1 war axe
 t - a +2 vorpal broad axe (weapon)
 B - the +7 flail of Lohuch {flame, Str-4 Int-4 Dex+8 SInv}
   (You found it on level 5 of the Dungeon)

   It has been specially enchanted to burn those struck by it, causing extra
   injury to most foes and up to half again as much damage against particularly
   susceptible opponents.
   It affects your strength (-4).
   It affects your intelligence (-4).
   It affects your dexterity (+8).
   It lets you see invisible.
 F - a +4 war axe
 G - the +3 scimitar of Doom {freeze, Str+5}
   (You found it on level 10 of the Dungeon)

   It has been specially enchanted to freeze those struck by it, causing extra
   injury to most foes and up to half again as much damage against particularly
   susceptible opponents.
   It can also slow down cold-blooded creatures.
   It affects your strength (+5).
 O - a +1 hand axe of flaming
 X - a +2 war axe of electrocution
Missiles
 f - 5 curare-tipped darts (quivered)
 D - 3 throwing nets {!f}
 L - 19 silver javelins
Armour
 b - a +0 helmet (worn)
 c - a +0 kite shield (worn)
 w - a +0 chain mail (worn)
 x - a +2 pair of boots (worn)
 y - a +2 pair of gloves (worn)
 J - the +0 cloak of Mumblety Peg (worn) {rN++ MR- Dex+7}
   (You found it in a Gauntlet)

   It affects your dexterity (+7).
   It greatly protects you from negative energy.
   It affects your resistance to hostile enchantments.
Jewellery
 i - an uncursed ring of magical power
 C - the ring "Irphi Dou" (right hand) {rPois MR- Slay+2 SInv}
   (You bought it in a shop on level 5 of the Dungeon)

   [ring of poison resistance]

   It affects your accuracy and damage with ranged weapons and melee attacks
   (+2).
   It protects you from poison.
   It affects your resistance to hostile enchantments.
   It lets you see invisible.
 E - an uncursed amulet of magic regeneration
 I - a +6 ring of intelligence
 K - an uncursed ring of fire
 M - an uncursed ring of resist corrosion
 S - a ring of protection from magic (left hand)
 T - an amulet of faith (around neck)
Wands
 r - a wand of flame (36) {@v4}
 u - a wand of digging (13) {@v3}
 N - a wand of polymorph (26)
 P - a wand of iceblast (9) {@v2}
 U - a wand of clouds (12)
Scrolls
 n - 2 scrolls of identify {@r1}
 q - 2 scrolls of remove curse {@r2}
 A - 2 scrolls of blinking {@r4}
 V - 2 scrolls of fear {!r}
 W - a scroll of immolation
Potions
 d - 3 potions of might {@q3 !q}
 g - 2 potions of cancellation
 h - a potion of mutation
 j - 2 potions of resistance
 k - 4 potions of degeneration
 l - 3 potions of flight
 m - 6 potions of curing {@q1 !q}
 o - 3 potions of haste {@q4 !q}
 p - 2 potions of stabbing {@q5 !q}
 s - 2 potions of berserk rage
 v - 2 potions of heal wounds {@q2 !q}
 z - a potion of brilliance
 Y - 3 potions of ambrosia
 Z - a potion of lignification {@q6}
Miscellaneous
 H - a phantom mirror
 Q - a box of beasts
 R - a tin of tremorstones (3/3)
Comestibles
 e - 4 rations


   Skills:
 + Level 11.2 Fighting
 * Level 16.0 Axes
 + Level 5.0 Armour
 + Level 3.4 Dodging
 + Level 13.1 Shields
 - Level 6.0 Invocations
 + Level 14.5 Evocations


You had 13 spell levels left.
You didn't know any spells.
Your spell library contained the following spells:

 Spells                   Type           Power        Failure   Level  Hunger
 Corona                   Hex            #......      97%         1    ##.....
 Magic Dart               Conj           #...         97%         1    ##.....
 Blink                    Tloc           N/A          99%         2    ###....
 Call Imp                 Summ           #.......     99%         2    ###....
 Slow                     Hex            #.......     99%         2    ###....
 Conjure Flame            Conj/Fire      #.......     100%        3    ####...
 Inner Flame              Hex/Fire       #.......     100%        3    ####...
 Mephitic Cloud           Conj/Pois/Air  #.......     100%        3    ####...
 Portal Projectile        Hex/Tloc       #.....       100%        3    ####...
 Cause Fear               Hex            #.........   100%        4    #####..
 Leda's Liquefaction      Hex/Erth       #.........   100%        4    #####..
 Bolt of Magma            Conj/Fire/Erth #.........   100%        5    ######.
 Iron Shot                Conj/Erth      #.........   100%        6    #######
 Statue Form              Tmut/Erth      #........    100%        6    #######
 Shatter                  Erth           #.........   100%        9    #######


Dungeon Overview and Level Annotations

Branches:
Dungeon (11/15)              Lair (4/6) D:9           Swamp (2/4) Lair:2
 Spider (4/4) Lair:2          Orc (1/2) D:11          Sewer (visited)
Ossuary (visited)         Gauntlet (visited)
 Temple: D:4-7

Altars:
Dithmenos
Nemelex Xobeh
Qazlal
Trog

Shops:
D:4 *   D:5 :==


Innate Abilities, Weirdness & Mutations

You are resistant to damage.
You can heal yourself by infusing magical energy.
You resist negative energy. (rN+)
You passively map the area around you.
You do not regenerate.


Message History

The spriggan rider hits you with a +0 spear!
The spriggan rider hits you with a +0 spear.
The spriggan rider closely misses you.
You miss the spriggan rider.
The spriggan rider is moderately wounded.
The spriggan rider blocks your attack.
You hit the spriggan rider. You block the spriggan rider's attack.
The spriggan rider hits you with a +0 spear!
You are too injured to fight recklessly!
You are too injured to fight recklessly!
You are too injured to fight recklessly!
You slash the spriggan rider!
The spriggan rider is heavily wounded.
The spriggan rider blocks your attack.
You hit the spriggan rider. You block the spriggan rider's attack.
The spriggan rider hits you with a +0 spear!
You block the spriggan rider's attack.
You hit the spriggan rider.
The spriggan rider is heavily wounded.
You closely miss the spriggan rider. You miss the spriggan rider.
The spriggan rider closely misses you.
The spriggan rider hits you with a +0 spear.
You hit the spriggan rider.
You kill the spriggan!
Makhleb accepts your kill.
You feel better.
The hornet is moderately wounded.
The spriggan rider blocks your attack.
You slash the spriggan rider!
The spriggan rider hits you with a +0 spear.
The hornet barely misses you.
You completely miss the hornet.
The hornet is moderately wounded.
You miss the spriggan rider. The spriggan rider blocks your attack.
The spriggan rider hits you with a +0 spear!
You block the hornet's attack. The spriggan rider misses you.
You hit the hornet but do no damage.
The hornet is moderately wounded.
You slash the spriggan rider! x2; The hornet stings you.
You block the spriggan rider's attack.
The spriggan rider hits you with a +0 spear!
You slash the hornet!
The hornet is severely wounded.
The spriggan rider blocks your attack.
You miss the spriggan rider. The hornet stings you!
You feel yourself slow down.
The spriggan rider hits you but does no damage.
The hornet stings you.
You feel as though you will be slow longer.
You hit the hornet.
The hornet is severely wounded.
You miss the spriggan rider. You barely miss the spriggan rider.
The spriggan rider hits you but does no damage.
The hornet stings you but does no damage.
The spriggan rider hits you but does no damage.
You block the spriggan rider's attack. The hornet closely misses you.
Your chain mail prevents you from hitting the hornet.
The hornet is severely wounded.
You slash the spriggan rider! You miss the spriggan rider.
You block the spriggan rider's attack.
The hornet stings you but does no damage.
The spriggan rider hits you with a +0 spear.
You feel much better. You block the hornet's attack.
The spriggan rider closely misses you. The hornet stings you.
You feel as though you will be slow longer.
The spriggan rider hits you with a +0 spear! x2
The hornet stings you.
You hit the hornet but do no damage.
The hornet is severely wounded.
The spriggan rider blocks your attack.
You miss the spriggan rider.
The spriggan rider hits you with a +0 spear!
* * * LOW HITPOINT WARNING * * *
You block the hornet's attack.
The spriggan rider hits you with a +0 spear.
* * * LOW HITPOINT WARNING * * *
You block the spriggan rider's attack.
You slash the hornet!
The hornet is almost dead.
You closely miss the spriggan rider. You slash the spriggan rider!
The hornet stings you but does no damage.
You block the spriggan rider's attack.
The hornet stings you but does no damage.
The spriggan rider hits you with a +0 spear!
* * * LOW HITPOINT WARNING * * *
You feel much better.
You feel yourself speed up.
The hornet stings you but does no damage.
The spriggan rider hits you but does no damage.
You block the hornet's attack.
The spriggan rider hits you with a +0 spear!
* * * LOW HITPOINT WARNING * * *
You block the spriggan rider's attack.
Evoke which item? (* to show all) (? for menu, Esc to quit)
Aiming: Iceblast
Press: ? - help, Shift-Dir - straight line, f - spriggan rider
Aim: a spriggan rider, wielding a +0 spear and wearing a +0 buckler (heavily wounded) That beam is likely to hit you.
Continue anyway?
The mass of ice explodes!
The iceblast engulfs the spriggan rider.
The spriggan rider is severely wounded.
The iceblast engulfs you!!
You die...

≈ ≈ ≈ ≈
..≈≈≈≈...$.♣ *
* .≈≈≈..≈≈≈§$♣
* .≈≈≈...≈≈≈.
≈,**
*.≈...≈.≈.≈♣ ≈
*,...≈≈..≈..♣ *
* .[..≈≈....♣ *
,
**.......i.♣♣♣♣
≈≈.≈≈≈i@≈≈..♣ ≈
≈ ≈≈≈≈≈≈y.≈<≈.♣
≈≈.≈≈....♣..♣ ,
≈ ...≈....♣♣≈.♣
≈ ♣♣♣♣≈.≈≈≈♣♣≈♣
* ≈ ≈* ♣...♣♣
♣♣ ,≈♣.§.* ,
*♣.≈≈≈ ..≈≈


You could see 2 spriggan riders and a hornet.

Vanquished Creatures
  Kirke (Spider:1)
  An emperor scorpion (Spider:4)
  3 ghost moths
  2 entropy weavers
  A minotaur (Gauntlet)
  A green death (Gauntlet)
  2 hydras
  A centaur warrior (D:10)
  2 alligators
  A queen ant (Gauntlet)
  2 thrashing horrors (Gauntlet)
  An unseen horror (D:11)
  An orb spider (Spider:4)
  11 wolf spiders
  11 elephants
  3 moths of wrath
  A centaur zombie (D:11)
  2 black mambas
  A torpor snail (Spider:2)
  6 spiny frogs
  2 rime drakes
  2 komodo dragons
  5 demonic crawlers
  12 jumping spiders
  2 trolls
  A slime creature (Lair:4)
  7 hornets
  6 hippogriffs
  Grinder (Sewer)
  3 blink frogs (Lair:2)
  7 dream sheep (Lair:4)
  36 redbacks
  2 spriggans
  13 yaks
  7 tarantellas
  4 basilisks
  A steam dragon (D:9)
  2 vampire mosquitoes (Swamp:1)
  2 hogs (Spider:1)
  Menkaure (D:5)
  2 soldier ants (Gauntlet)
  An acid dragon (D:10)
  A swamp worm (Lair:2)
  A swamp drake (Swamp:1)
  3 ice beasts
  2 porcupines
  2 sky beasts (D:8)
  3 water moccasins
  2 black bears (D:10)
  5 orc warriors
  4 ogres
  6 wolves (Lair:3)
  5 centaurs
  A crocodile (Lair:4)
  2 big kobolds (Sewer)
  8 bullfrogs
  A wyvern zombie (D:8)
  A small abomination (Gauntlet)
  A wyvern skeleton (D:11)
  A scorpion (D:7)
  10 wights
  13 killer bees
  A crimson imp (D:9)
  2 quasits
  A wyvern simulacrum (Gauntlet)
  A bullfrog zombie (D:10)
  2 gnoll shamans
  4 hounds
  9 jellies (Lair:4)
  2 orc priests (D:8)
  A bullfrog skeleton (D:5)
  3 iguanas
  6 orc wizards
  6 worker ants
  3 big kobold zombies (Sewer)
  2 centaur simulacra (Gauntlet)
  A bullfrog simulacrum (Gauntlet)
  8 mummies (Ossuary)
  12 gnolls
  8 adders
  5 shadow imps
  4 ufetubi (Sewer)
  11 oozes (Lair:4)
  A worm (D:4)
  3 dart slugs
  A leopard gecko (D:4)
  35 orcs
  2 ball pythons
  3 giant cockroaches
  4 gnoll zombies (Ossuary)
  3 goblins
  A hobgoblin (D:1)
  5 jackals
  3 quokkas
  5 bats
  2 frilled lizards
  2 hobgoblin zombies (Ossuary)
  A jackal zombie (D:6)
  15 kobolds
  2 kobold zombies (Sewer)
  A leopard gecko skeleton (D:4)
  2 orc zombies (Ossuary)
  3 rats
  A fungus (Lair:2)
432 creatures vanquished.

Vanquished Creatures (collateral kills)
  An emperor scorpion (Spider:4)
  A ghost moth (Spider:4)
  A spark wasp (Spider:4)
  7 orb spiders
  10 wolf spiders
  An orange demon (Gauntlet)
  5 demonic crawlers
  A hornet (Spider:4)
  7 jumping spiders
  11 redbacks
  7 tarantellas (Spider:4)
  A small abomination (Gauntlet)
53 creatures vanquished.

Vanquished Creatures (others)
  A tarantella (Spider:1)
  A human (Spider:1)
  A bullfrog (D:9)
  4 fungi (Lair:4)
  2 plants (Lair:1)
9 creatures vanquished.

Grand Total: 494 creatures vanquished

Notes
Turn   | Place    | Note
-------+----------+-------------------------------------------
     0 | D:1      | EnegeticOcto the Deep Dwarf Fighter began the quest for the
                  | Orb.
     0 | D:1      | Reached XP level 1. HP: 20/20 MP: 1/1
    94 | D:1      | Reached skill level 3 in Axes
   150 | D:3      | Reached XP level 2. HP: 17/27 MP: 2/2
   162 | D:3      | Your magical essence is drained by the effort!
   321 | D:3      | Reached XP level 3. HP: 32/33 MP: 2/2
   402 | D:4      | Reached skill level 4 in Axes
   444 | D:4      | Found Lageget's Elemental Accessories.
   583 | D:4      | Found a sand-covered staircase.
   592 | Ossuary  | Entered an ossuary
   603 | Ossuary  | Your magical essence is drained by the effort!
   613 | Ossuary  | Reached XP level 4. HP: 40/40 MP: 2/2
   636 | Ossuary  | Reached skill level 5 in Axes
   717 | Ossuary  | Reached XP level 5. HP: 45/46 MP: 3/3
   762 | D:4      | Reached skill level 6 in Axes
   774 | D:4      | Found a bloodstained altar of Trog.
   800 | D:5      | Entered Level 5 of the Dungeon
   835 | D:5      | Found Roath's Jewellery Boutique.
   884 | D:6      | Your magical essence is drained by the effort!
   890 | D:6      | Reached skill level 1 in Evocations
   963 | D:5      | Reached skill level 2 in Evocations
   963 | D:5      | Reached XP level 6. HP: 41/55 MP: 4/4
   987 | D:6      | Found a glowing drain.
   995 | D:6      | Reached skill level 7 in Axes
   995 | D:6      | Reached skill level 3 in Evocations
  1005 | Sewer    | Entered a sewer
  1066 | Sewer    | Your magical essence is drained by the effort!
  1102 | Sewer    | Reached skill level 4 in Evocations
  1109 | Sewer    | Found a burning altar of Makhleb.
  1114 | Sewer    | Noticed Grinder
  1126 | Sewer    | Became a worshipper of Makhleb the Destroyer
  1142 | Sewer    | Killed Grinder
  1142 | Sewer    | Reached skill level 1 in Invocations
  1142 | Sewer    | Reached XP level 7. HP: 27/61 MP: 6/6
  1153 | Sewer    | Your magical essence is drained by the effort!
  1155 | Sewer    | Reached skill level 2 in Invocations
  1178 | Sewer    | Reached skill level 5 in Evocations
  1241 | Sewer    | Reached skill level 3 in Invocations
  1316 | D:7      | Your magical essence is drained by the effort!
  1321 | D:7      | Reached skill level 8 in Axes
  1331 | D:7      | Reached skill level 4 in Invocations
  1331 | D:7      | Reached skill level 6 in Evocations
  1331 | D:7      | Reached XP level 8. HP: 37/68 MP: 6/6
  1390 | D:5      | Found Zuji's Jewellery Shoppe.
  1395 | D:5      | Reached * piety under Makhleb
  1402 | D:5      | Found Vuofe's Book Boutique.
  1613 | D:5      | Got a pitted flail
  1620 | D:5      | Noticed Menkaure
  1625 | D:5      | Killed Menkaure
  1625 | D:5      | Reached skill level 5 in Invocations
  1745 | D:5      | Bought the ring "Irphi Dou" {rPois MR- Slay+2 SInv} for 389
                  | gold pieces
  1797 | D:8      | Reached skill level 9 in Axes
  1812 | D:8      | Reached skill level 6 in Invocations
  1886 | D:9      | Found a sparkling altar of Nemelex Xobeh.
  1894 | D:9      | Reached skill level 10 in Axes
  1925 | D:10     | Entered Level 10 of the Dungeon
  1953 | D:9      | Reached ** piety under Makhleb
  1953 | D:9      | Gained mutation: You passively map the area around you.
                  | [Deep Dwarf growth]
  1953 | D:9      | Reached XP level 9. HP: 52/74 MP: 7/7
  1963 | D:10     | Your magical essence is drained by the effort!
  1971 | D:10     | Reached skill level 11 in Axes
  1999 | D:10     | Noticed a troll
  1999 | D:10     | Noticed a centaur warrior
  2001 | D:10     | Your magical essence is drained by the effort!
  2012 | D:10     | Killed a centaur warrior
  2012 | D:10     | Reached skill level 12 in Axes
  2022 | D:10     | Killed a troll
  2052 | D:10     | Reached skill level 13 in Axes
  2067 | D:10     | Identified the +7 flail of Lohuch {flame, Str-4 Int-4 Dex+8
                  | SInv} (You found it on level 5 of the Dungeon)
  2069 | D:10     | Got a twisted scimitar
  2070 | D:10     | Identified the +3 scimitar of Doom {freeze, Str+5} (You
                  | found it on level 10 of the Dungeon)
  2208 | D:11     | Noticed a komodo dragon
  2217 | D:11     | Killed a komodo dragon
  2217 | D:11     | Reached XP level 10. HP: 60/81 MP: 6/6
  2225 | D:11     | Noticed an unseen horror
  2232 | D:11     | Got a fine cloak
  2245 | D:11     | Killed an unseen horror
  2245 | D:11     | Reached skill level 3 in Fighting
  2247 | D:11     | Reached skill level 14 in Axes
  2247 | D:11     | Reached skill level 4 in Shields
  2284 | D:11     | Found a gate leading to a gauntlet.
  2301 | D:11     | Reached *** piety under Makhleb
  2306 | D:11     | Reached skill level 4 in Fighting
  2317 | D:11     | Reached skill level 5 in Shields
  2329 | Gauntlet | Entered a Gauntlet
  2329 | Gauntlet | Found a transporter.
  2329 | Gauntlet | Noticed a queen ant
  2332 | Gauntlet | Found a transporter.
  2332 | Gauntlet | Found a transporter.
  2338 | Gauntlet | Found a transporter.
  2350 | Gauntlet | Killed a queen ant
  2353 | Gauntlet | Found a transporter.
  2353 | Gauntlet | Found a transporter.
  2353 | Gauntlet | Found a transporter.
  2361 | Gauntlet | Found a transporter.
  2362 | Gauntlet | Found a transporter.
  2362 | Gauntlet | Found a transporter.
  2385 | Gauntlet | Noticed a thrashing horror
  2385 | Gauntlet | Noticed a thrashing horror
  2385 | Gauntlet | Found a runed translucent door.
  2388 | Gauntlet | Found a runed translucent door.
  2395 | Gauntlet | Identified the cursed +0 cloak of Birdsong {Harm *Slow +Fly
                  | rN++} (You found it on level 11 of the Dungeon)
  2401 | Gauntlet | Found a transporter.
  2401 | Gauntlet | Found a transporter.
  2401 | Gauntlet | Found a transporter.
  2413 | Gauntlet | Killed a thrashing horror
  2414 | Gauntlet | Killed a thrashing horror
  2414 | Gauntlet | Reached skill level 15 in Axes
  2414 | Gauntlet | Reached skill level 6 in Shields
  2414 | Gauntlet | Reached XP level 11. HP: 82/93 MP: 7/7
  2415 | Gauntlet | Noticed a green death
  2419 | Gauntlet | Got a polished cloak
  2425 | Gauntlet | Identified the cursed +0 cloak of Mumblety Peg {rN++ MR-
                  | Dex+7} (You found it in a Gauntlet)
  2440 | Gauntlet | Killed a green death
  2440 | Gauntlet | Reached skill level 5 in Fighting
  2448 | Gauntlet | Found a transporter.
  2491 | Gauntlet | Noticed a minotaur
  2494 | Gauntlet | Your magical essence is drained by the effort!
  2503 | Gauntlet | Killed a minotaur
  2550 | D:11     | Found a staircase to the Orcish Mines.
  2580 | Orc:1    | Entered Level 1 of the Orcish Mines
  2677 | D:10     | Found a stormy altar of Qazlal.
  2834 | D:8      | Reached skill level 7 in Shields
  2836 | D:8      | Reached **** piety under Makhleb
  3108 | D:8      | Found a shadowy altar of Dithmenos.
  3264 | D:9      | Found a staircase to the Lair.
  3271 | Lair:1   | Entered Level 1 of the Lair of Beasts
  3305 | Lair:2   | Reached skill level 6 in Fighting
  3319 | Lair:3   | Reached skill level 7 in Evocations
  3342 | Lair:3   | Reached skill level 16 in Axes
  3538 | Lair:3   | Reached skill level 8 in Shields
  3538 | Lair:3   | Reached skill level 8 in Evocations
  3540 | Lair:3   | Reached XP level 12. HP: 51/106 MP: 7/9
  3566 | Lair:3   | Reached skill level 7 in Fighting
  3652 | Lair:2   | Found a hole to the Spider Nest.
  3657 | Lair:2   | Your magical essence is drained by the effort!
  3676 | Spider:1 | Entered Level 1 of the Spider Nest
  3676 | Spider:1 | Noticed Kirke
  3681 | Spider:1 | Reached skill level 9 in Evocations
  3682 | Spider:1 | Killed Kirke
  3682 | Spider:1 | Reached skill level 9 in Shields
  3682 | Spider:1 | Reached ***** piety under Makhleb
  3693 | Spider:1 | Reached skill level 10 in Evocations
  3711 | Spider:2 | Noticed an entropy weaver
  3715 | Spider:2 | Reached skill level 8 in Fighting
  3730 | Spider:2 | Your magical essence is drained by the effort!
  3733 | Spider:2 | Killed an entropy weaver
  3733 | Spider:2 | Reached skill level 10 in Shields
  3742 | Spider:2 | Your magical essence is drained by the effort!
  3744 | Spider:2 | Reached skill level 11 in Evocations
  3761 | Spider:2 | Noticed a ghost moth
  3769 | Spider:2 | Your magical essence is drained by the effort!
  3774 | Spider:2 | Killed a ghost moth
  3774 | Spider:2 | Reached XP level 13. HP: 49/120 MP: 0/8
  3795 | Spider:2 | Reached skill level 9 in Fighting
  3881 | Spider:3 | Reached skill level 11 in Shields
  3883 | Spider:3 | Reached skill level 12 in Evocations
  3980 | Spider:4 | Entered Level 4 of the Spider Nest
  3980 | Spider:4 | Noticed an entropy weaver
  3991 | Spider:4 | Killed an entropy weaver
  4110 | Spider:4 | Noticed a balrug
  4113 | Spider:4 | Your magical essence is drained by the effort!
  4153 | Spider:4 | Noticed an emperor scorpion
  4156 | Spider:4 | Reached skill level 10 in Fighting
  4157 | Spider:4 | Noticed a ghost moth
  4164 | Spider:4 | Reached skill level 13 in Evocations
  4165 | Spider:4 | Killed a ghost moth
  4165 | Spider:4 | Reached skill level 12 in Shields
  4166 | Spider:4 | Noticed a spark wasp
  4167 | Spider:4 | Killed an emperor scorpion
  4169 | Spider:4 | a spark wasp changed into an alligator
  4182 | Spider:4 | Noticed an emperor scorpion
  4194 | Spider:4 | Noticed a spark wasp
  4198 | Spider:4 | Your magical essence is drained by the effort!
  4204 | Spider:4 | Killed an emperor scorpion
  4204 | Spider:4 | Gained mutation: You resist negative energy. (rN+) [Deep
                  | Dwarf growth]
  4204 | Spider:4 | Reached XP level 14. HP: 26/133 MP: 4/9
  4218 | Spider:4 | Noticed a ghost moth
  4219 | Spider:4 | Noticed a ghost moth
  4231 | Spider:4 | Killed a ghost moth
  4232 | Spider:4 | Killed a ghost moth
  4266 | Spider:4 | Got a gossamer rune of Zot
  4319 | Spider:3 | Reached skill level 14 in Evocations
  4482 | Lair:2   | Reached skill level 1 in Dodging
  4528 | Lair:2   | Reached skill level 11 in Fighting
  4667 | Lair:4   | Reached skill level 4 in Armour
  4677 | Lair:4   | Reached skill level 2 in Dodging
  4787 | Lair:4   | Reached ****** piety under Makhleb
  4991 | Lair:4   | Your magical essence is drained by the effort!
  5004 | Lair:4   | Reached skill level 13 in Shields
  5066 | Lair:4   | Found a bloodstained altar of Trog.
  5126 | Lair:3   | Reached skill level 3 in Dodging
  5399 | Lair:2   | Found a staircase to the Swamp.
  5408 | Swamp:1  | Entered Level 1 of the Swamp
  5449 | Swamp:1  | Reached skill level 5 in Armour
  5453 | Swamp:1  | Identified a scroll of acquirement
  5480 | Swamp:2  | Killed themself with a badly aimed iceblast

Illustrated notes

Levels and vault maps discovered:
D:1:      nzn_arrival_crosshair, layout_basic, minmay_fountain_box
D:2:      layout_loops_ring
D:3:      layout_loops_corners, uniq_jessica
D:4:      layout_basic, nicolae_overflow_hidden_temple, enter_ossuary_1,
          nicolae_elemental_shop
D:5:      layout_loops_ring, minmay_temple_entry_antechambers, first_ration,
          serial_shops, kennysheep_mini_moat, nicolae_shop_waterfront,
          nicolae_shop_waterfront, shop, minivault_27, uniq_menkaure
D:6:      layout_basic, portal_sewer_entry_b
D:7:      layout_gridville, kiku_gazebo_pond_becter
D:8:      layout_rooms, nicolae_dithmenos_through_a_glass_darkly, tgw_sif,
          grunt_ogre_cave
D:9:      layout_roguey, nicolae_ru_great_annihilating_truth,
          nemelex_xobeh_ov_fountains_minmay, lair_entry_dummy,
          minmay_misc_feat_diagonals
D:10:     minmay_the_grid_octo_triangle [minmay_the_grid_octo_horde,
          minmay_the_grid_octo_prize_ultimate_mussel_roller,
          minmay_the_grid_octo_focus], layout_rooms,
          nicolae_qazlal_general_emergency
D:11:     layout_rooms, david_orc_2, gauntlet_entry_generic,
          grunt_ministairs_12, trog_wizard
Lair:1:   layout_layer_cave, serial_bayou, serial_bayou_shore_a,
          serial_bayou_lagoon_a, serial_bayou_lagoon_b, serial_bayou_pond_d,
          grunt_forest_stairs_basic, minivault_23, uniq_erica
Lair:2:   layout_regular_city, minmay_swamp_entry_worms, dummy_spider_entry,
          serial_bayou_crossing, serial_bayou_shore_b
Lair:3:   layout_cave_pods, special_room [special_room_bee],
          minmay_lair_oklob_items
Lair:4:   lemuel_slime, layout_cellular_growth, basic_altar, grunt_megastairs_2
Swamp:1:  layout_falls_marsh, gammafunk_ghost_grave, evilmike_swamp_ruin_house_2
Swamp:2:  layout_basic_swamp, hangedman_swamp_blocks
Spider:1: gammafunk_the_bubble [the_bubble_gammafunk_roulette], uniq_kirke
Spider:2: layout_spider_delve, drop_trap, minivault_29
Spider:3: layout_spider_delve
Spider:4: grunt_spider_rune_island
Orc:1:    layout_caves, serial_shops, shop, nicolae_orc_damp_corner

Skill      XL: |  1  2  3  4  5  6  7  8  9 10 11 12 13 14 |
---------------+-------------------------------------------+-----
Axes           | 3 4 5 6 7 8 10 13 15 16 | 16.0
Evocations     | 2 4 6 8 11 13 14 | 14.5
Invocations    | 1 4 6 |  6.0
Fighting       | 4 6 8 10 11 | 11.2
Shields        | 6 8 10 12 13 | 13.1
Dodging        | 3 |  3.4
Armour         | 5 |  5.0

Action                   |  1- 3 |  4- 6 |  7- 9 | 10-12 | 13-15 || total
-------------------------+-------+-------+-------+-------+-------++-------
Melee: War axe           |    77 |   138 |   239 |   346 |   300 ||  1100
       Broad axe         |       |       |       |       |    12 ||    12
Throw: Dart              |       |       |       |     1 |       ||     1
Invok: Minor Destruction |       |       |     1 |       |     1 ||     2
       Lesser Servant of |       |       |       |     7 |     8 ||    15
       Greater Servant o |       |       |       |       |     5 ||     5
 Abil: Heal Wounds       |     6 |     8 |    23 |    17 |    28 ||    82
Evoke: Wand              |       |       |     1 |     1 |    12 ||    14
       Tin of tremorston |       |       |       |     3 |     2 ||     5
  Use: Scroll            |     3 |     2 |     1 |    20 |     5 ||    31
       Potion            |       |       |     1 |     1 |     3 ||     5
 Stab: Distracted        |       |       |       |     2 |     7 ||     9
       Confused          |       |       |       |       |     2 ||     2
  Eat: Chunk             |       |     1 |     4 |     1 |       ||     6
       Ration            |       |       |       |     2 |     2 ||     4
Armor: Scale mail        |    83 |    92 |    52 |       |       ||   227
       Chain mail        |       |       |   175 |   332 |   281 ||   788
Dodge: Dodged            |    64 |    62 |   117 |   147 |   141 ||   531
Block: Kite shield       |    95 |   111 |   183 |   317 |   389 ||  1095
